 Dungeon Crawl Stone Soup version 0.21.1-1-g345015f (webtiles) character file.

1380 snakesoul the Cleaver (level 8, -15/68 HPs)
             Began as a Minotaur Fighter on July 27, 2018.
             Was a Believer of Okawaru.
             Demolished by an ogre
             ... wielding a +0 giant spiked club
              (23 damage)
             ... on level 6 of the Dungeon.
             The game lasted 00:10:30 (4637 turns).

snakesoul the Cleaver (Minotaur Fighter)            Turns: 4637, Time: 00:10:30

Health: -15/68     AC: 18    Str: 27    XL:     8   Next: 39%
Magic:  7/7        EV:  5    Int:  5    God:    Okawaru [**....]
Gold:   303        SH:  0    Dex: 11    Spells: 7/7 levels left

rFire    . . .     SeeInvis .   a - +0 war axe
rCold    . . .     Gourm    .   c - +0 shield
rNeg     . . .     Faith    .   j - +4 plate armour
rPois    .         Spirit   .   (helmet restricted)
rElec    .         Reflect  .   (no cloak)
rCorr    .         Harm     .   g - +0 pair of gloves
MR       .....                  e - +0 pair of boots
Stlth    ..........             (no amulet)
HPRegen  0.21/turn              (no ring)
MPRegen  0.10/turn              (no ring)

@: confused, mighty
A: retaliatory headbutt, horns 2
a: Heroism, Renounce Religion


You were on level 6 of the Dungeon.
You worshipped Okawaru.
Okawaru was pleased with you.
You were very hungry.

You visited 1 branch of the dungeon, and saw 6 of its levels.

You collected 303 gold pieces.

Inventory:

Hand Weapons
 a - a +0 war axe (weapon)
Armour
 b - a +0 scale mail
 c - a +0 shield (worn)
 e - a +0 pair of boots (worn)
 g - a +0 pair of gloves (worn)
 j - a +4 plate armour (worn)
Jewellery
 z - an uncursed ring of ice {unknown}
Scrolls
 h - 5 scrolls of teleportation
 k - a scroll of blinking
 n - a scroll of fog
 o - a scroll of identify
 q - 2 scrolls of magic mapping
 s - a scroll of amnesia {unknown}
 v - a scroll of enchant armour {unknown}
 w - 5 scrolls of remove curse
 B - a scroll of holy word {unknown}
Potions
 i - a potion of invisibility {unknown}
 l - 2 potions of brilliance {unknown}
 m - a potion of flight {unknown}
 p - 3 potions of curing {unknown}
 r - a potion of resistance {unknown}
 t - 2 potions of mutation {unknown}
 x - 3 potions of berserk rage {unknown}
 A - a potion of haste {unknown}
Books
 u - a book of Callings

   Spells                             Type                      Level
   a - Summon Small Mammal            Summoning                    1
   b - Call Imp                       Summoning                    2
   c - Call Canine Familiar           Summoning                    3
   d - Summon Guardian Golem          Hexes/Summoning              3
   e - Summon Lightning Spire         Summoning/Air                4
   f - Summon Ice Beast               Ice/Summoning                4
 y - a book of Cantrips

   Spells                             Type                      Level
   a - Confusing Touch                Hexes                        1
   b - Animate Skeleton               Necromancy                   1
   c - Summon Small Mammal            Summoning                    1
   d - Apportation                    Translocation                1
Comestibles
 f - 10 rations


   Skills:
 + Level 5.3 Fighting
 + Level 10.4 Axes
 + Level 5.4 Armour
 - Level 0.6 Dodging
 + Level 5.3 Shields


You had 7 spell levels left.
You didn't know any spells.

Dungeon Overview and Level Annotations

Branches:
Dungeon (6/15)             Temple (0/1) D:4

Altars:
Gozag
Makhleb
Okawaru
Sif Muna
Trog
Uskayaw
Vehumet
Wu Jian
Xom

Shops:
D:4 =![(?

Annotations:
D:5 exclusion: statue
D:6 Lucio's ghost, amateur DECj


Innate Abilities, Weirdness & Mutations

You reflexively headbutt those who attack you in melee.
You have a pair of horns on your head.


Message History

Unknown command.
Unknown command.
You hit Lucio's ghost.
Lucio's ghost is lightly damaged.
You closely miss the orc wizard. You miss the worker ant.
The orc wizard hits you but does no damage.
Lucio's ghost hits you.
* * * LOW HITPOINT WARNING * * *
The worker ant bites you.
* * * LOW HITPOINT WARNING * * *
Unknown command.
Unknown command.
Unknown command.
Unknown command.
Unknown command.
You feel very mighty all of a sudden. The orc wizard casts a spell at you.
The magic dart hits you! The orc wizard barely misses you.
The ogre hits you with a giant spiked club!!
You die...

................
................
...................#.
.......................
...................#...
...................#...
........<..............
.......O@.............
.......oaWo........#
.......oh...).....?#
..............((...#
......?.)..........#
.......§.)(........#
..........†.......(#
...................#
..................# .


You could see an ogre, a howler monkey, a worker ant, 2 orc wizards, Lucio's
ghost and an orc.

Vanquished Creatures
  An ice beast (D:5)
  A phantom (D:5)
  3 ogres
  A centaur (D:5)
  A scorpion (D:5)
  A howler monkey (D:5)
  A crimson imp (D:5)
  A quasit (D:5)
  2 bullfrog zombies (D:5)
  4 hounds
  4 orc wizards (D:5)
  An iguana (D:5)
  4 worker ants
  2 killer bee zombies
  2 worker ant zombies
  A gnoll (D:1)
  11 adders
  A river rat (D:4)
  4 oozes
  An adder zombie (D:5)
  An adder skeleton (D:5)
  3 worms
  5 dart slugs
  7 leopard geckos
  4 orcs
  7 bats
  3 giant cockroaches
  6 goblins
  3 hobgoblins
  11 jackals
  5 kobolds
  A quokka (D:3)
  A ball python (D:1)
  6 frilled lizards
  A jackal zombie (D:2)
  6 rats
117 creatures vanquished.

Notes
Turn   | Place    | Note
-------+----------+-------------------------------------------
     0 | D:1      | snakesoul the Minotaur Fighter began the quest for the Orb.
     0 | D:1      | Reached XP level 1. HP: 19/19 MP: 0/0
   129 | D:1      | Reached XP level 2. HP: 26/27 MP: 1/1
   261 | D:1      | Reached XP level 3. HP: 18/33 MP: 2/2
  1054 | D:2      | Reached skill level 3 in Axes
  1139 | D:2      | Reached XP level 4. HP: 40/40 MP: 3/3
  1437 | D:2      | Found an iron altar of Okawaru.
  1447 | D:2      | Became a worshipper of Warmaster Okawaru
  1532 | D:2      | Found a faded altar of an unknown god.
  1830 | D:3      | Reached skill level 4 in Axes
  2126 | D:3      | Reached XP level 5. HP: 47/47 MP: 4/4
  2261 | D:4      | Found Tubues's Antique Weapon Boutique.
  2261 | D:4      | Noticed an ogre
  2315 | D:4      | Killed an ogre
  2315 | D:4      | Reached skill level 5 in Axes
  2512 | D:4      | Reached skill level 6 in Axes
  2515 | D:4      | Reached XP level 6. HP: 53/53 MP: 5/5
  2564 | D:4      | Found Xotar's Magic Scroll Boutique.
  2603 | D:4      | Found Asymeshi's Distillery.
  2615 | D:4      | Found a staircase to the Ecumenical Temple.
  2623 | D:4      | Found Uwun's Antique Armour Shoppe.
  2642 | D:4      | Found the +3 robe of Clouds {+Fly rElec}
  2688 | D:4      | Found Uremubin's Jewellery Shop.
  2714 | D:4      | Reached * piety under Okawaru
  2714 | D:4      | Reached skill level 7 in Axes
  2882 | D:4      | Found an iron altar of Okawaru.
  2889 | D:4      | Found an opulent altar of Gozag.
  2890 | D:4      | Found an ornate altar of the Wu Jian Council.
  2890 | D:4      | Found a shimmering altar of Xom.
  2891 | D:4      | Found a burning altar of Makhleb.
  2894 | D:4      | Found a bloodstained altar of Trog.
  2895 | D:4      | Found a deep blue altar of Sif Muna.
  3245 | D:5      | Entered Level 5 of the Dungeon
  3345 | D:5      | Reached XP level 7. HP: 55/60 MP: 6/6
  3362 | D:5      | Found a hide-covered altar of Uskayaw.
  3372 | D:5      | Reached skill level 8 in Axes
  3459 | D:5      | Reached skill level 9 in Axes
  3558 | D:5      | Reached ** piety under Okawaru
  3828 | D:5      | Reached skill level 10 in Axes
  4051 | D:5      | Reached XP level 8. HP: 67/67 MP: 7/7
  4133 | D:5      | Found a radiant altar of Vehumet.
  4282 | D:5      | Reached skill level 5 in Fighting
  4282 | D:5      | Reached skill level 5 in Armour
  4282 | D:5      | Reached skill level 5 in Shields
  4624 | D:6      | Noticed Lucio's ghost (amateur DECj)
  4637 | D:6      | Demolished by an ogre

Skill      XL: |  1  2  3  4  5  6  7  8 |
---------------+-------------------------+-----
Fighting       | 4 5 |  5.3
Shields        | 4 5 |  5.3
Armour         | 4 5 |  5.4
Axes           | 3 4 6 7 10 | 10.4
Dodging        | |  0.6

Action                   |  1- 3 |  4- 6 |  7- 9 || total
-------------------------+-------+-------+-------++-------
Melee: War axe           |    83 |   157 |   117 ||   357
       Headbutt          |     9 |    29 |    21 ||    59
  Use: Scroll            |       |     7 |       ||     7
       Potion            |       |       |     1 ||     1
  Eat: Chunk             |     1 |     7 |     3 ||    11
Armor: Scale mail        |    46 |       |       ||    46
       Plate armour      |    30 |   111 |   101 ||   242
Dodge: Dodged            |    32 |    41 |    24 ||    97
Block: Shield            |    39 |    92 |    45 ||   176
